 Dungeon Crawl Stone Soup version 0.30-a0-341-g6827065 (webtiles) character file.

Game seed: 220381044019125542

231 Dorkslayer the Trooper (level 5, 0/42 HPs)
             Began as a Demonspawn Fighter on Nov 1, 2022.
             Slain by Terence
             ... wielding a +0 mace
              (3 damage)
             ... on level 2 of the Dungeon.
             The game lasted 00:01:43 (811 turns).

Dorkslayer the Trooper (Demonspawn Fighter)          Turns: 811, Time: 00:01:43

Health: 0/42       AC:  6    Str: 16    XL:     5   Next: 73%
Magic:  5/5        EV:  9    Int: 10    God:
Gold:   46         SH:  5    Dex: 14    Spells: 4/4 levels left

rFire   . . .      SeeInvis .    a - +0 long sword
rCold   . . .      Faith    .    c - +0 buckler
rNeg    . . .      Spirit   .    b - +0 scale mail
rPois   .          Reflect  .    (no helmet)
rElec   .          Harm     .    (no cloak)
rCorr   .          Rampage  .    (no gloves)
Will    .....                    (no boots)
Stlth   ..........               (no amulet)
HPRegen 0.27/turn                (no ring)
MPRegen 0.09/turn                (no ring)

@: mighty
A: claws 1, weakness stinger 2
a: no special abilities


You were on level 2 of the Dungeon.
You visited 1 branch of the dungeon, and saw 2 of its levels.

You collected 46 gold pieces.

Inventory:

Hand Weapons
 a - a +0 long sword (weapon)
Armour
 b - a +0 scale mail (worn)
 c - a +0 buckler (worn)
Scrolls
 f - a scroll of amnesia {unknown}
 g - a scroll of identify
 i - a scroll of magic mapping {unknown}
 k - a scroll of enchant armour {unknown}
 o - 2 scrolls of blinking {unknown}
Potions
 e - a potion of attraction {unknown}
 h - 2 potions of curing
 j - a potion of haste
 l - a potion of magic {unknown}
 m - a potion of cancellation {unknown}
 n - a potion of degeneration {unknown}


   Skills:
 + Level 3.7 Fighting
 + Level 3.3 Long Blades
 + Level 3.5 Armour
 * Level 2.0 Dodging
 + Level 3.3 Shields


You had 4 spell levels left.
You didn't know any spells.
Your spell library was empty.

Dungeon Overview and Level Annotations

Branches:
Dungeon (2/15)

Altars:

Annotations:
D:2 Terence


Innate Abilities, Weirdness & Mutations

You have sharp fingernails.
You have a tail ending in a sharp stinger.


Message History

Natasha is severely wounded.
Natasha mumbles some strange words.
Natasha shimmers violently.
Natasha claws you. The hobgoblin completely misses you.
The goblin completely misses you.
Natasha stares at you and mumbles some strange words.
The magic dart hits you!
You completely miss Natasha.
Your tail-slap misses Natasha.
Natasha is severely wounded.
The hobgoblin hits you. The goblin hits you but does no damage.
Natasha claws you.
Unknown command.
You feel very mighty all of a sudden. Terence says, "Did you write a will?
You should..."
Terence hits you with a +0 mace. The hobgoblin hits you.
You block the goblin's attack. Natasha barely misses you.
You barely miss Natasha.
Natasha is severely wounded.
Terence hits you with a +0 mace. The hobgoblin barely misses you.
You block the goblin's attack. Natasha claws you!
* * * LOW HITPOINT WARNING * * *
Unknown command.
You slash Natasha!
You kill Natasha!
Natasha yowls pathetically as she dies!
You block Terence's attack.
The hobgoblin hits you but does no damage.
The goblin closely misses you. Terence hits you but does no damage.
The goblin barely misses you. The hobgoblin hits you.
* * * LOW HITPOINT WARNING * * *
Terence attacks as you move away! Terence hits you with a +0 mace.
* * * LOW HITPOINT WARNING * * *
The goblin attacks as you move away! The goblin hits you with a +0 club.
* * * LOW HITPOINT WARNING * * *
The hobgoblin hits you but does no damage.
As you read the scroll labelled QEISSE KEJYWU, it crumbles to dust.
It is a scroll of identify.
j - a potion of haste The hobgoblin barely misses you.
Terence hits you with a +0 mace.
You die...

#.
.##.######
.........##
..........##
...........#
.).........#
...........#
.......@...#
.......g@..#
.......g...#
....>.....##
.........##
.......###
.......
.......
......


You could see Terence, a hobgoblin and a goblin.

Vanquished Creatures
  Sigmund (D:2)
  Natasha (twice) (D:2)
  A dart slug (D:1)
  3 ball pythons (D:1)
  2 bats
  An endoplasm (D:2)
  2 giant cockroaches
  A goblin (D:1)
  2 hobgoblins
  2 jackals (D:1)
  2 quokkas (D:1)
  A kobold (D:1)
  2 rats
22 creatures vanquished.

Notes
Turn   | Place    | Note
-------+----------+-------------------------------------------
     0 | D:1      | Dorkslayer the Demonspawn Fighter began the quest for the
                  | Orb.
     0 | D:1      | Reached XP level 1. HP: 18/18 MP: 1/1
    91 | D:1      | Discovered your monstrous ancestry.
    91 | D:1      | Gained mutation: You have a small tail. [demonic ancestry]
    91 | D:1      | Reached XP level 2. HP: 20/24 MP: 2/2
   499 | D:2      | Noticed Natasha
   503 | D:2      | Noticed a crimson imp
   506 | D:2      | HP: 1/24 [Natasha/magic dart (5)]
   509 | D:2      | Killed Natasha
   510 | D:2      | Reached skill level 1 in Dodging
   510 | D:2      | Gained mutation: You have sharp fingernails. [demonic
                  | ancestry]
   510 | D:2      | Reached XP level 3. HP: 9/29 MP: 3/3
   633 | D:2      | Noticed Sigmund
   643 | D:2      | Killed Sigmund
   644 | D:2      | Reached XP level 4. HP: 21/37 MP: 4/4
   644 | D:2      | Gained mutation: You have a tail ending in a sharp stinger.
                  | [demonic ancestry]
   644 | D:2      | Reached XP level 5. HP: 24/42 MP: 5/5
   800 | D:2      | Noticed Natasha
   802 | D:2      | Noticed Terence
   809 | D:2      | Killed Natasha
   811 | D:2      | Slain by Terence

Illustrated notes

Levels and vault maps discovered:
D:1:      wander_arrival_peaceful_grave, layout_rooms,
          minmay_misc_feat_nine_boxes, item_on_display_a
D:2:      minmay_evil_eye, layout_rooms, grunt_decor_clamped,
          minmay_tetromino_o2, uniq_terence, uniq_sigmund, uniq_natasha

Skill      XL: |  1  2  3 |
---------------+----------+-----
Long Blades    | 2 3 |  3.3
Armour         | 3 |  3.5
Dodging        | 1 2 |  2.0
Shields        | 3 |  3.3
Fighting       | |  3.7

Action                   |  1- 3 |  4- 6 || total
-------------------------+-------+-------++-------
Melee: Long sword        |    49 |    15 ||    64
       Tailslap          |     2 |       ||     2
  Use: Potion            |     2 |     1 ||     3
       Scroll            |       |     1 ||     1
Armor: Scale mail        |    27 |    11 ||    38
Dodge: Dodged            |    25 |    14 ||    39
Block: Buckler           |     9 |     5 ||    14

Table legend: (Time is in decaauts)
 A = Elapsed time spent in this place.
 B = Non-inter-level travel time spent in this place.
 C = Inter-level travel time spent in this place.
 D = Time resting spent in this place.
 E = Time spent auto-exploring this place.
 F = Levels seen in this place.
 G = Mean time per level.
                   A        B        C        D        E       F      G
               +--------+--------+--------+--------+--------+-----+--------+
         Total |    838 |    838 |      0 |     81 |    557 |   2 |  419.0 |
       Dungeon |    838 |    838 |      0 |     81 |    557 |   2 |  419.0 |
               +--------+--------+--------+--------+--------+-----+--------+

Top non-repeatable levels by time:
     D:1: 509 daAuts
     D:2: 328 daAuts
